Map: Dusk Towers

Players

capac - Winner!

  • Race: Terran Terran
  • League: Gold

A.I. 1 (Elite)

  • Race: Terran Terran

VOD

Have the link to the VOD?

Description

Time

  • Played on: May 9, 2016, 2:27 p.m.
  • Length: 13:12
Show
View Real Time Build Order
Export as new Build Order

capac Terran - Winner!

Build Orders: Reaper Expand, Bio Tank 

Get SALT Encoding   

  12  0:00  SCV  
  13  0:13  SCV  
  14  0:18  Supply Depot  
  14  0:25  SCV  
  15  0:39  SCV  
  15  0:40  Barracks  
  16  0:46  Refinery  
  16  0:51  SCV  
  17  1:03  SCV  
  18  1:15  SCV  
  19  1:31  Orbital Command  
  19  1:32  Reaper  
  20  1:40  Command Center  
  20  1:51  Supply Depot  
  20  1:56  SCV  
  21  2:04  Marine  
  22  2:11  Factory  
  22  2:12  SCV  
  23  2:17  Refinery  
  23  2:24  SCV  
  23  2:25  Marine  
  25  2:37  SCV  
  26  2:44  Marine  
  26  2:49  SCV  
  28  2:54  Factory Tech Lab  
  28  3:00  Starport  
  28  3:02  SCV  
  29  3:05  Orbital Command  
  29  3:13  Supply Depot  
  29  3:20  Siege Tank  
  29  3:21  Barracks Reactor  
  29  3:23  SCV  
  33  3:33  SCV  
  34  3:39  Barracks  
  34  3:41  Starport Reactor  
  34  3:46  SCV x2  
  36  3:51  Engineering Bay  
  36  3:52  Engineering Bay  
  36  3:53  Refinery  
  36  3:58  SCV x2  
  38  4:11  Marine  
  38  4:12  Marine  
  40  4:19  Medivac  
  40  4:20  Medivac  
  40  4:21  SCV x2  
  46  4:32  Barracks  
  46  4:35  SCV x2  
  46  4:37  Terran Infantry Weapons Level 1, Terran Infantry Armor Level 1  
  47  4:44  Factory Tech Lab  
  47  4:47  Refinery, SCV x2  
  47  4:50  Missile Turret  
  49  5:02  SCV x2  
  49  5:04  Stimpack  
  51  5:10  Marine x2  
  51  5:11  Marine  
  54  5:20  Supply Depot, SCV x2  
  56  5:25  Missile Turret  
  51  5:29  Missile Turret  
  51  5:32  Marine x3, SCV x2  
  52  5:37  Viking x2  
  53  5:51  Marine x3  
  53  6:04  Barracks  
  53  6:05  SCV x2  
  55  6:17  SCV x2  
  57  6:25  Marine x2  
  58  6:27  Marine, Barracks Reactor  
  60  6:33  Siege Tank  
  60  6:34  Viking x2  
  67  6:49  Supply Depot  
  67  6:50  Marine x3  
  70  7:02  Missile Turret  
  70  7:03  Armory  
  70  7:04  Barracks Reactor  
  70  7:11  Siege Tank, SCV x2  
  70  7:12  Medivac  
  77  7:17  Supply Depot  
  77  7:20  Medivac  
  79  7:24  SCV  
  79  7:25  SCV  
  80  7:41  Marine x2  
  80  7:42  Marine x3  
  80  7:44  Siege Tank  
  88  7:50  Supply Depot, Factory  
  88  7:51  Medivac x2  
  88  7:54  Terran Infantry Weapons Level 2  
  88  7:55  Terran Infantry Armor Level 2  
  88  7:58  Marine x2  
  92  8:00  Combat Shields  
  94  8:11  Marine x2  
  94  8:12  Supply Depot, Marine x2  
  98  8:19  Siege Tank  
  101  8:26  Medivac  
  101  8:27  Medivac  
  100  8:39  Factory Tech Lab  
  100  8:41  Marine x5  
  101  8:42  Marine  
  101  8:43  Marine  
  101  8:46  Supply Depot  
  107  8:56  Supply Depot  
  107  8:58  Marine  
  107  8:59  Marine x2  
  110  9:08  Viking x2, Marine x4  
  118  9:28  Siege Tank x2  
  124  9:37  Missile Turret  
  124  9:38  Viking x2  
  128  9:55  Supply Depot  
  128  10:01  Command Center  
  128  10:07  SCV x2  
  130  10:17  Marine x3, Siege Tank x2  
  130  10:18  Marine x3  
  142  10:32  Supply Depot, Terran Infantry Weapons Level 3  
  122  11:02  Viking x2  
  102  11:23  Marine  
  102  11:24  Marine x6  
  109  11:26  Siege Tank x2  
  109  11:41  Marine  
  109  11:42  Marine x4  
  114  11:59  Marine x3  
  114  12:00  Marine x4  
  120  12:16  Marine  
  120  12:17  Marine  
  122  12:24  Marine x5  
  127  12:34  Marine  
  127  12:35  Marine  
  129  12:41  Marine  
  129  12:42  Marine x4  
  134  12:52  Marine x2  
Show
View Real Time Build Order
Export as new Build Order

A.I. 1 (Elite) Terran 

Build Orders: 1/1/1, MMM Bio, Banshee Rush 

Get SALT Encoding   

  12  0:00  SCV  
  13  0:13  SCV  
  14  0:19  Supply Depot  
  14  0:25  SCV  
  15  0:30  Refinery  
  15  0:40  SCV  
  16  0:47  Barracks  
  16  0:52  SCV  
  17  0:57  Refinery  
  17  1:04  SCV  
  18  1:17  SCV  
  19  1:37  Factory, Marine, Orbital Command  
  20  1:55  Marine  
  20  1:57  Supply Depot  
  21  2:02  SCV  
  22  2:22  Starport  
  22  2:24  Starport  
  22  2:25  SCV  
  23  2:37  SCV  
  23  2:40  Supply Depot  
  24  2:49  SCV  
  25  3:00  Starport Tech Lab  
  25  3:01  Starport Tech Lab  
  25  3:16  SCV  
  25  3:18  Marine, Banshee  
  25  3:19  Banshee  
  33  3:20  Cloaking Field  
  33  3:25  Supply Depot  
  33  3:28  SCV  
  34  3:36  Marine  
  34  3:40  SCV  
  36  3:52  SCV  
  36  3:54  Marine  
  38  4:01  Banshee  
  38  4:02  Banshee  
  44  4:03  Barracks, Factory Tech Lab  
  44  4:23  Siege Tank  
  47  4:30  Supply Depot  
  46  4:40  Marine  
  46  4:44  Command Center  
  47  4:51  Marine  
  48  4:58  Supply Depot, Barracks Tech Lab  
  48  5:09  Marine  
  49  5:16  Marine  
  49  5:19  Barracks, Stimpack  
  50  5:27  Marine  
  51  5:32  Medivac  
  51  5:35  Marauder  
  55  5:45  Supply Depot, Barracks Reactor  
  55  5:50  Medivac  
  55  5:56  Marauder  
  59  5:59  Refinery, SCV  
  60  6:05  SCV  
  60  6:06  Marine  
  62  6:11  SCV  
  62  6:17  Marine, SCV  
  65  6:23  SCV  
  65  6:25  Barracks Tech Lab  
  66  6:29  SCV  
  67  6:35  Marauder, SCV  
  70  6:42  SCV  
  70  6:44  Marauder  
  73  6:48  SCV  
  73  6:53  Viking x2  
  73  6:54  SCV  
  79  6:56  Supply Depot  
  79  6:57  Marauder  
  79  7:00  SCV  
  82  7:05  Marauder  
  82  7:06  SCV  
  85  7:18  SCV  
  85  7:20  Command Center  
  86  7:24  Supply Depot  
  86  7:25  SCV  
  87  7:30  SCV  
  87  7:31  Marauder  
  87  7:37  SCV  
  88  7:38  Marauder  
  88  7:43  SCV  
  88  7:47  Viking  
  88  7:49  SCV  
  91  7:52  Supply Depot  
  91  7:55  SCV  
  92  7:59  Viking  
  94  8:08  Combat Shields  
  94  8:10  Concussive Shells  
  94  8:15  Engineering Bay  
  94  8:17  Viking  
  96  8:27  Marine  
  96  8:28  Engineering Bay  
  96  8:29  Marine  
  96  8:31  Marine  
  96  8:33  SCV  
  90  8:35  SCV  
  90  8:37  SCV  
  92  8:41  Marine  
  92  8:43  Terran Infantry Weapons Level 1  
  92  8:45  SCV  
  92  8:47  SCV  
  95  8:49  SCV  
  95  8:51  Marauder  
  95  8:53  Terran Infantry Armor Level 1, Marine  
  99  8:57  SCV  
  99  8:59  SCV  
  99  9:01  Siege Tank, SCV  
  106  9:10  SCV  
  106  9:11  SCV  
  106  9:13  SCV  
  106  9:15  Liberator  
  108  9:17  Supply Depot  
  108  9:22  SCV  
  108  9:23  SCV  
  110  9:25  SCV  
  111  9:33  Siege Tank  
  111  9:34  SCV  
  111  9:35  SCV  
  119  9:40  Liberator  
  119  9:41  Supply Depot  
  119  9:46  Refinery x2  
  119  9:52  Refinery  
  119  9:57  Liberator  
  122  10:02  Marine  
  122  10:05  Supply Depot, Command Center  
  122  10:06  Siege Tank  
  126  10:08  SCV  
  126  10:09  SCV x2  
  129  10:20  SCV  
  129  10:21  SCV x2  
  134  10:23  Liberator  
  134  10:26  Marine  
  134  10:27  Marauder x2  
  140  10:29  Supply Depot  
  140  10:32  Marine  
  140  10:33  Missile Turret, Orbital Command  
  141  10:36  Missile Turret  
  141  10:38  Siege Tank, Missile Turret  
  141  10:40  Missile Turret  
  147  10:44  Barracks  
  147  10:48  Marauder  
  149  10:50  Marine  
  149  10:52  Marine x2  
  149  10:54  Supply Depot  
  103  11:05  Viking  
  103  11:08  Marine  
  103  11:09  Marine  
  103  11:10  Marauder, Marine, Siege Tank  
  92  11:13  SCV x2  
  92  11:16  SCV  
  91  11:23  Viking  
  91  11:25  SCV x2  
  91  11:26  Marine  
  91  11:27  Marine  
  91  11:28  SCV  
  91  11:30  Marine  
  91  11:32  Marauder, Marine  
  88  11:37  SCV  
  72  11:42  Siege Tank  
  72  11:44  Marine  
  72  11:45  Marauder  
  21  12:12  Marauder, Marine, SCV  
  15  12:42  SCV x2  
  18  12:56  SCV x2  
Tags
 
Composition
Bio TankMMM Bio
League
Gold
Matchup
TvT
Race
Terran
Strategy
Banshee Rush
Add a new tag
Caveats
  • Supply blocks, unpowered buildings, or Contaminate may cause inaccurate times.
  • Supply counts are checked every 10 seconds.